 Dungeon Crawl Stone Soup version 0.31-a0-1603-gbec6b6ccbf (webtiles) character file.

Game seed: 5797864539615332722

706 Xavori the Trooper (level 8, -1/63 HPs)
             Began as a Djinni Chaos Knight on Jan 8, 2024.
             Was a Plaything of Xom.
             Splashed by a jelly's acid (11 damage)
             ... on level 5 of the Dungeon.
             The game lasted 00:03:53 (5800 turns).

Xavori the Trooper (Djinni Chaos Knight)            Turns: 5800, Time: 00:03:54

Health: -1/63      AC: -3    Str: 10    XL:     8   Next: 0%
Gold:   153        EV: 13    Int: 13    God:    Xom [.*....] SH:  0 Dex: 19

rFire   + + +        a - +0 falchion (chaos)
rCold   x . .        (no shield)
rNeg    . . .        b - +2 leather armour
rPois   ∞            (no helmet)
rElec   .            l - +0 cloak
rCorr   .            (no gloves)
SInv    .            (boots unavailable)
Will    .....        (no amulet)
Stlth   +            n - ring of protection from fire
HPRegen 1.10/turn    r - +4 ring of slaying
MPRegen 0.00/turn

%: infuse magic (-2 HP)
@: corroded, flying
A: sickness immunity, fire resistance 2, cold vulnerability 1, float, innate
caster, HP casting, extra vitality 1, iridescent scales 1, agile 1, regeneration
1, robust 1, wild magic 1
a: Renounce Religion


You were on level 5 of the Dungeon.
You worshipped Xom.
You were a plaything of Xom.
You visited 1 branch of the dungeon, and saw 5 of its levels.

You collected 153 gold pieces.

Inventory:

Hand Weapons
 a - a +0 falchion of chaos (weapon)
Armour
 b - a +2 leather armour (worn)
 l - a +0 cloak (worn)
Jewellery
 n - a ring of protection from fire (left hand)
 r - a +4 ring of slaying (right hand)
Scrolls
 c - a scroll of butterflies
 d - 4 scrolls of teleportation
 g - 2 scrolls of amnesia
 h - a scroll of fear
 j - 2 scrolls of revelation {unknown}
 k - 2 scrolls of poison
 m - a scroll of fog
 o - a scroll of vulnerability {unknown}
 s - a scroll of blinking {unknown}
 t - 2 scrolls of noise {unknown}
 y - 2 scrolls of enchant armour
Potions
 p - a potion of attraction
 u - a potion of brilliance
 v - a potion of might {unknown}
 w - a potion of invisibility {unknown}
 x - a potion of degeneration {unknown}
 z - a potion of lignification {unknown}


   Skills:
 + Level 4.4 Fighting
 + Level 4.0 Long Blades
 + Level 3.2 Armour
 + Level 4.1 Dodging
 * Level 3.5 Spellcasting
 * Level 3.5 Conjurations
 * Level 3.5 Hexes
 * Level 3.5 Summonings
 * Level 3.5 Necromancy
 * Level 3.5 Translocations
 * Level 3.5 Fire Magic
 * Level 3.5 Ice Magic
 * Level 3.5 Air Magic
 * Level 3.5 Earth Magic
 * Level 3.5 Alchemy


You knew the following spells:

 Your Spells              Type           Power      Damage    Failure   Level
a - Sandblast             Erth           28%        2d8       11%         1
b - Static Discharge      Conj/Air       28%        3-5/arc   16%         2
c - Blink                 Tloc           28%        N/A       16%         2
Your spell library was empty.

Dungeon Overview and Level Annotations

Branches:
Dungeon (5/15)
 Temple: D:4-7

Altars:
Hepliaklqana
Xom

Shops:
D:2 (


Innate Abilities, Weirdness & Mutations

You are immune to sickness and miasma.
You are immune to poison.
Your flesh is very heat resistant. (rF++)
You are vulnerable to cold. (rC-)
You float through the air rather than walking.
You learn spells naturally, not from books.
Your magical power is your life essence.
You have superior vitality. (+4 MHP)
You are partially covered in iridescent scales. (AC +2)
You are agile. (Dex +4, Str/Int -1)
Your natural rate of healing is unusually fast.
You are robust. (+10% HP)
Your spells are a little harder to cast, but a little more powerful.


Message History

Sigmund completely misses you.
Unknown command.
You hit Sigmund.
Sigmund is almost dead.
You kill Sigmund!
Your Long Blades skill increases to level 4!
Your Dodging skill increases to level 4!
You have reached level 8!
You feel agile.
You hit the jelly.
The jelly seems to speed up.
The acid corrodes you!
Your hands burn!
The jelly is moderately wounded.
The jelly hits you but does no damage. The jelly hits you.
The acid corrodes you!
You are splashed with acid!
Unknown command.
You hit the jelly. The acid corrodes you!
Your hands burn!
The jelly is heavily wounded.
The jelly hits you.
You are splashed with acid!
The jelly barely misses you.
Unknown command.
You hit the jelly.
You feel better. The acid corrodes you!
Your hands burn!
You punch the jelly.
The jelly is severely wounded.
The jelly hits you.
You are splashed with acid!
* * * LOW HITPOINT WARNING * * *
You are too injured to fight recklessly!
Unknown command.
You are too injured to fight recklessly!
Unknown command.
You hit the jelly but do no damage.
Your hands burn!
* * * LOW HITPOINT WARNING * * *
The jelly is severely wounded.
The jelly completely misses you. The jelly barely misses you.
You hit the jelly but do no damage.
Your hands burn!
* * * LOW HITPOINT WARNING * * *
The jelly is severely wounded.
The jelly hits you.
* * * LOW HITPOINT WARNING * * *
The acid corrodes you!
You are splashed with acid!
You die...
Xom cackles wildly!

.... ####### #..#
#.....# ###..##
#.....# #.....#
#.....# ..... #.)...#
.5. #.....#
##J#########)....#
#.@......).).....#
#................#
#................#
#........).......#
##................#
.....#
..........#####.....#
.....# ............#
#.....# ..(..#
............# #.......
.....####............#
######..


You could see a jelly (fast) and an ufetubus.

Vanquished Creatures
  Sigmund (D:5)
  A kobold brigand (D:4)
  A scorpion (D:4)
  A howler monkey (D:4)
  A bombardier beetle (D:4)
  A sleepcap (D:4)
  Terence (D:3)
  A gnoll (D:3)
  2 adders
  A shadow imp (D:4)
  An ufetubus (D:5)
  4 dart slugs
  A ribbon worm (D:2)
  3 orcs
  3 ball pythons
  4 endoplasms
  A giant cockroach (D:3)
  11 goblins
  8 hobgoblins
  A jackal (D:3)
  9 kobolds
  3 quokkas
  6 bats
  4 frilled lizards
  5 rats
75 creatures vanquished.

Vanquished Creatures (collateral kills)
  An ogre (D:5)
  An orc priest (D:5)
  A sleepcap (D:5)
  A hound (D:5)
  3 orcs (D:5)
  A ball python (D:3)
  A hobgoblin (D:3)
  A bat (D:2)
  A frilled lizard (D:3)
11 creatures vanquished.

Grand Total: 86 creatures vanquished

Notes
Turn   | Place    | Note
-------+----------+-------------------------------------------
     0 | D:1      | Xavori the Djinni Chaos Knight began the quest for the Orb.
     0 | D:1      | Reached XP level 1. HP: 20/20 MP: 0/0
    55 | D:1      | Reached XP level 2. HP: 25/25 MP: 0/0
   736 | D:1      | XOM: cloud trail
   758 | D:1      | Reached XP level 3. HP: 30/30 MP: 0/0
   758 | D:1      | Learned a level 1 spell: Sandblast
   821 | D:1      | Reached skill level 1 in Spellcasting
   821 | D:1      | Reached skill level 1 in Conjurations
   821 | D:1      | Reached skill level 1 in Hexes
   821 | D:1      | Reached skill level 1 in Summonings
   821 | D:1      | Reached skill level 1 in Necromancy
   821 | D:1      | Reached skill level 1 in Translocations
   821 | D:1      | Reached skill level 1 in Fire Magic
   821 | D:1      | Reached skill level 1 in Ice Magic
   821 | D:1      | Reached skill level 1 in Air Magic
   821 | D:1      | Reached skill level 1 in Earth Magic
   821 | D:1      | Reached skill level 1 in Alchemy
  1554 | D:1      | XOM: divination: detect items
  1618 | D:1      | XOM: cloud trail
  2519 | D:1      | XOM: god gift: 25 gold pieces
  3082 | D:1      | XOM: scenery: create altars
  3525 | D:1      | XOM: scenery: summon butterflies
  3683 | D:1      | XOM: scenery: summon butterflies
  3763 | D:1      | XOM: give mutations
  3763 | D:1      | Gained mutation: You are agile. (Dex +4, Str/Int -1) [Xom's
                  | grace]
  3763 | D:1      | Gained mutation: You are covered in fur. (AC +1) [Xom's
                  | grace]
  3763 | D:1      | Gained mutation: You expend health (3 HP) to strengthen
                  | your wands. [Xom's grace]
  3763 | D:1      | Gained mutation: You are partially covered in iridescent
                  | scales. (AC +2) [Xom's grace]
  3786 | D:2      | XOM: chaos cloud
  3921 | D:2      | Found Exkiturr's Weapon Emporium.
  3941 | D:2      | XOM: 4-stop teleportation journey
  4421 | D:2      | XOM: silly message
  4452 | D:3      | Noticed Terence
  4458 | D:3      | Killed Terence
  4459 | D:3      | Reached XP level 4. HP: 35/35 MP: 0/0
  4498 | D:3      | XOM: silly message
  4688 | D:3      | Reached XP level 5. HP: 38/40 MP: 0/0
  4688 | D:3      | Learned a level 2 spell: Static Discharge
  4934 | D:3      | Found a faded altar of an unknown god.
  5176 | D:3      | XOM: give mutation
  5176 | D:3      | Lost mutation: You are agile. (Dex +4, Str/Int -1) [Xom's
                  | mischief]
  5183 | D:3      | Found a hazy altar of Hepliaklqana.
  5323 | D:4      | XOM: silly message
  5465 | D:4      | Reached XP level 6. HP: 38/47 MP: 0/0
  5466 | D:4      | XOM: smoke on damage
  5701 | D:4      | XOM: noise
  5711 | D:5      | Entered Level 5 of the Dungeon
  5747 | D:5      | Noticed an ogre
  5747 | D:5      | XOM: 2-stop teleportation journey
  5755 | D:5      | Reached XP level 7. HP: 14/51 MP: 0/0
  5755 | D:5      | Learned a level 2 spell: Blink
  5756 | D:5      | XOM: butterfly on damage
  5759 | D:5      | Lost mutation: You expend health (3 HP) to strengthen your
                  | wands. [potion of mutation]
  5759 | D:5      | Lost mutation: You are covered in fur. (AC +1) [potion of
                  | mutation]
  5759 | D:5      | Gained mutation: You are robust. (+10% HP) [potion of
                  | mutation]
  5759 | D:5      | Gained mutation: You are agile. (Dex +4, Str/Int -1)
                  | [potion of mutation]
  5759 | D:5      | Gained mutation: Your natural rate of healing is unusually
                  | fast. [potion of mutation]
  5759 | D:5      | Gained mutation: Your spells are a little harder to cast,
                  | but a little more powerful. [potion of mutation]
  5785 | D:5      | Noticed Sigmund
  5795 | D:5      | Killed Sigmund
  5796 | D:5      | Reached XP level 8. HP: 63/63 MP: 0/0
  5800 | D:5      | Splashed by a jelly's acid

Illustrated notes

Levels and vault maps discovered:
D:1:      ldierk_walled_garden, layout_basic, nrook_mini_backslash
D:2:      layout_loops_cross, serial_shops, shop, kennysheep_generic_room_2
D:3:      layout_basic, nicolae_hepliaklqana_hippocampus,
          dreamdust_ecumenical_altar_statues, minmay_misc_feat_encased,
          kennysheep_decorative_pillar, minmay_randomly_rotated_circles,
          uniq_terence
D:4:      layout_loops_ring, hangedman_feature_mirror,
          dreamdust_mushroom_princess
D:5:      layout_gridville, jmf_multi_god_temple2,
          nicolae_ossuary_entry_false_entrances, uniq_sigmund

Skill      XL: |  1  2  3  4  5  6  7 |
---------------+----------------------+-----
Spellcasting   | 1 2 3 |  3.5
Conjurations   | 1 2 3 |  3.5
Hexes          | 1 2 3 |  3.5
Summonings     | 1 2 3 |  3.5
Necromancy     | 1 2 3 |  3.5
Translocations | 1 2 3 |  3.5
Fire Magic     | 1 2 3 |  3.5
Ice Magic      | 1 2 3 |  3.5
Air Magic      | 1 2 3 |  3.5
Earth Magic    | 1 2 3 |  3.5
Alchemy        | 1 2 3 |  3.5
Long Blades    | 3 4 |  4.0
Armour         | 2 3 |  3.2
Dodging        | 3 4 |  4.1
Fighting       | 4 |  4.4

Action                     |  1- 3 |  4- 6 |  7- 9 || total
---------------------------+-------+-------+-------++-------
  Melee: Falchion          |   101 |   100 |    16 ||   217
         Punch             |     2 |     2 |     2 ||     6
   Cast: Static Discharge  |       |     1 |       ||     1
    Use: Potion            |       |     2 |     6 ||     8
         Scroll            |       |     1 |     5 ||     6
   Stab: Sleeping          |     2 |       |       ||     2
         Distracted        |       |     1 |       ||     1
 Armour: Leather armour    |    51 |    67 |    12 ||   130
  Dodge: Dodged            |    73 |    84 |    19 ||   176

Table legend: (Time is in decaauts)
 A = Elapsed time spent in this place.
 B = Non-inter-level travel time spent in this place.
 C = Inter-level travel time spent in this place.
 D = Time resting spent in this place.
 E = Time spent auto-exploring this place.
 F = Levels seen in this place.
 G = Mean time per level.
                   A        B        C        D        E       F      G
               +--------+--------+--------+--------+--------+-----+--------+
         Total |   5837 |   5761 |     76 |   3007 |   2189 |   5 | 1167.4 |
       Dungeon |   5837 |   5761 |     76 |   3007 |   2189 |   5 | 1167.4 |
               +--------+--------+--------+--------+--------+-----+--------+

Top non-repeatable levels by time:
     D:1: 3770 daAuts
     D:3: 857 daAuts
     D:2: 703 daAuts
     D:4: 414 daAuts
     D:5: 90 daAuts
